Map: Whirlwind LE (Void)

Players

Harstem

  • Race: Protoss Protoss
  • League: Master
  • Spawn Location: 11:00

Nerchio - Winner!

  • Race: Zerg Zerg
  • League: Grandmaster
  • Spawn Location: 5:00

Event: NationWars IV

VOD

Have the link to the VOD?

Description

Time

  • Played on: Jan. 7, 2017, 2:30 p.m.
  • Length: 12:20
Show
View Real Time Build Order
Export as new Build Order

Harstem Protoss 

Build Orders: 1 Gate Expand, Oracle Opening, Zealot Archon 

Get SALT Encoding   

  12  0:01  Probe (Chrono Boost)  
  13  0:11  Probe (Chrono Boost)  
  14  0:20  Pylon  
  14  0:22  Probe (Chrono Boost)  
  15  0:38  Probe (Chrono Boost), Gateway  
  16  0:44  Assimilator  
  16  0:49  Probe (Chrono Boost)  
  17  0:59  Probe (Chrono Boost)  
  18  1:10  Probe (Chrono Boost)  
  19  1:21  Probe (Chrono Boost)  
  20  1:27  Nexus  
  20  1:35  Cybernetics Core  
  20  1:39  Probe (Chrono Boost)  
  21  1:46  Assimilator  
  21  1:49  Probe (Chrono Boost)  
  22  1:55  Pylon  
  22  2:00  Probe (Chrono Boost)  
  23  2:13  Adept, Stargate  
  23  2:15  Probe (Chrono Boost)  
  26  2:25  Warp Gate  
  26  2:27  Probe (Chrono Boost)  
  27  2:33  Pylon  
  27  2:39  Probe (Chrono Boost)  
  27  2:41  Probe (Chrono Boost)  
  29  2:49  Pylon  
  30  2:51  Probe (Chrono Boost)  
  30  2:52  Probe (Chrono Boost)  
  31  3:01  Oracle  
  31  3:03  Probe x2 (Chrono Boost)  
  33  3:08  Adept  
  38  3:14  Pylon  
  38  3:15  Probe (Chrono Boost)  
  38  3:19  Probe (Chrono Boost), Gateway  
  41  3:27  Probe (Chrono Boost)  
  41  3:29  Probe (Chrono Boost), Pylon  
  41  3:33  Oracle  
  42  3:39  Probe (Chrono Boost)  
  42  3:40  Probe (Chrono Boost)  
  47  3:51  Probe x2 (Chrono Boost)  
  49  4:01  Probe (Chrono Boost)  
  50  4:07  Probe (Chrono Boost)  
  51  4:12  Nexus  
  51  4:15  Pylon  
  51  4:18  Probe (Chrono Boost)  
  51  4:21  Mothership Core (Chrono Boost)  
  54  4:29  Probe (Chrono Boost)  
  55  4:35  Assimilator  
  55  4:37  Robotics Facility  
  55  4:39  Probe x2 (Chrono Boost)  
  55  4:40  Forge, Gateway, Assimilator  
  55  4:44  Pylon  
  57  4:46  Adept  
  57  4:47  Adept  
  57  4:50  Probe (Chrono Boost)  
  57  4:51  Probe (Chrono Boost)  
  63  5:00  Probe (Chrono Boost)  
  63  5:01  Probe (Chrono Boost)  
  65  5:07  Phoenix  
  65  5:12  Probe x2 (Chrono Boost)  
  69  5:16  Adept, Protoss Ground Weapons Level 1  
  69  5:17  Adept  
  73  5:23  Probe (Chrono Boost)  
  73  5:24  Probe (Chrono Boost), Gateway  
  73  5:25  Gateway  
  73  5:27  Probe (Chrono Boost)  
  76  5:33  Probe (Chrono Boost)  
  78  5:36  Probe (Chrono Boost)  
  78  5:37  Probe (Chrono Boost)  
  79  5:48  Immortal, Probe x2 (Chrono Boost), Zealot x2  
  90  5:51  Pylon  
  90  5:55  Probe (Chrono Boost), Twilight Council  
  90  6:01  Pylon  
  86  6:06  Probe (Chrono Boost)  
  86  6:09  Probe (Chrono Boost)  
  86  6:10  Pylon  
  86  6:11  Assimilator  
  88  6:12  Probe (Chrono Boost)  
  88  6:15  Assimilator  
  88  6:17  Zealot, Sentry  
  93  6:21  Gateway  
  93  6:23  Probe (Chrono Boost), Charge  
  94  6:28  Gateway  
  94  6:30  Probe (Chrono Boost)  
  92  6:33  Gateway  
  92  6:35  Templar Archives  
  92  6:37  Gateway  
  92  6:39  Probe (Chrono Boost)  
  93  6:41  Pylon  
  93  6:43  Immortal  
  93  6:46  Photon Cannon  
  97  6:54  Pylon  
  97  6:59  Pylon  
  97  7:05  Zealot  
  100  7:09  Probe (Chrono Boost)  
  100  7:12  Pylon  
  100  7:14  Psionic Storm  
  100  7:16  Probe (Chrono Boost)  
  100  7:19  Photon Cannon, Immortal  
  100  7:20  Photon Cannon  
  101  7:23  High Templar  
  101  7:24  High Templar x2  
  109  7:31  Zealot x3  
  109  7:36  Pylon  
  115  7:43  High Templar x2  
  116  7:46  Probe (Chrono Boost)  
  116  7:48  Photon Cannon  
  116  7:49  Archon  
  117  7:54  Photon Cannon, Immortal  
  117  7:55  Pylon  
  117  7:58  Zealot x2  
  119  8:01  Pylon, High Templar  
  125  8:10  Zealot x2  
  125  8:11  Zealot  
  131  8:15  Photon Cannon  
  129  8:20  Zealot x2, High Templar x2  
  129  8:24  Zealot  
  135  8:28  Immortal, Archon  
  135  8:40  Zealot x5  
  143  8:42  Probe (Chrono Boost)  
  143  8:45  Probe (Chrono Boost)  
  143  8:47  Templar Archives  
  137  8:54  Probe (Chrono Boost)  
  138  9:01  Probe (Chrono Boost)  
  139  9:09  Probe (Chrono Boost)  
  138  9:12  Zealot x6  
  150  9:17  Phoenix  
  150  9:20  Nexus, Pylon  
  150  9:23  Pylon  
  146  9:25  Pylon  
  146  9:26  Zealot x2  
  146  9:27  Pylon  
  146  9:28  Pylon  
  150  9:34  Stalker  
  150  9:36  High Templar x2  
  150  9:37  High Templar x2  
  150  9:38  High Templar x2  
  164  9:44  Probe (Chrono Boost), Forge  
  165  9:47  Archon x2  
  151  10:02  Sentry  
  135  10:09  Zealot x5  
  130  10:15  Immortal  
  130  10:19  Zealot  
  131  10:22  Probe (Chrono Boost)  
  131  10:23  Probe (Chrono Boost)  
  131  10:28  Pylon  
  127  10:29  Probe (Chrono Boost)  
  127  10:31  Zealot x6  
  127  10:35  Pylon  
  139  10:39  Probe x3 (Chrono Boost)  
  143  10:43  Probe (Chrono Boost)  
  143  10:47  High Templar  
  143  10:49  Warp Prism  
  145  10:51  High Templar x2  
  145  10:53  High Templar  
  145  10:55  High Templar  
  145  10:56  High Templar  
  157  11:00  Archon  
  157  11:01  Archon  
  157  11:02  Archon  
  157  11:03  Probe (Chrono Boost)  
  158  11:06  Photon Cannon  
  158  11:08  Pylon  
  152  11:22  Zealot  
  152  11:23  Observer  
  147  11:27  Zealot  
  149  11:35  Pylon  
  149  11:36  Pylon  
  149  11:39  Pylon  
  149  11:40  Pylon  
  149  11:50  Observer  
  115  12:09  Zealot x2  
  115  12:10  Zealot x2  
Show
View Real Time Build Order
Export as new Build Order

Nerchio Zerg - Winner!

Build Orders: Hatch First, Lurkers 

Get SALT Encoding   

  12  0:00  Drone  
  13  0:12  Overlord  
  13  0:17  Drone  
  14  0:30  Drone x2  
  14  0:34  Drone  
  17  0:51  Hatchery  
  17  0:54  Drone  
  17  0:57  Drone  
  18  1:04  Extractor  
  17  1:13  Spawning Pool  
  17  1:16  Drone  
  17  1:19  Drone  
  18  1:27  Drone  
  19  1:38  Overlord  
  19  1:49  Drone  
  20  1:59  Queen  
  20  2:00  Zergling x2  
  23  2:03  Queen  
  23  2:06  Metabolic Boost  
  26  2:08  Drone  
  26  2:10  Drone  
  26  2:14  Drone  
  28  2:21  Drone  
  29  2:24  Drone  
  30  2:33  Zergling x2  
  31  2:37  Zergling x2  
  31  2:39  Queen  
  34  2:54  Overlord, Hatchery  
  34  2:55  Drone  
  34  2:57  Drone  
  35  2:59  Drone  
  36  3:12  Drone x5  
  41  3:15  Overlord  
  41  3:16  Drone  
  42  3:20  Drone  
  42  3:22  Drone  
  44  3:27  Overlord  
  44  3:35  Drone x2  
  44  3:40  Overlord  
  46  3:42  Lair  
  46  3:43  Drone x2  
  46  3:45  Extractor  
  46  3:46  Extractor  
  47  3:49  Drone  
  47  3:50  Spore Crawler, Drone  
  47  3:51  Drone  
  47  3:55  Spore Crawler, Drone  
  48  3:57  Drone  
  48  3:58  Drone  
  50  4:10  Drone x4  
  50  4:14  Drone x2  
  50  4:16  Extractor, Drone x2  
  57  4:20  Evolution Chamber  
  57  4:21  Queen  
  56  4:27  Drone  
  56  4:28  Drone x3  
  56  4:31  Extractor  
  59  4:33  Drone  
  59  4:34  Drone x2  
  62  4:44  Overseer  
  62  4:45  Zergling x10  
  63  4:46  Zergling x2  
  63  4:51  Zergling x2, Spore Crawler  
  63  4:52  Zergling x2  
  69  4:54  Queen  
  71  5:02  Zergling x4  
  71  5:07  Overlord x2  
  71  5:19  Zerg Melee Weapons Level 1  
  71  5:27  Drone  
  71  5:28  Drone x6  
  78  5:32  Drone, Hatchery  
  78  5:33  Drone x3  
  80  5:41  Drone, Hydralisk Den  
  80  5:42  Drone  
  80  5:43  Drone  
  80  5:46  Drone  
  80  5:47  Drone x2  
  83  5:52  Drone x2  
  83  5:55  Overlord  
  85  6:01  Drone  
  85  6:03  Overlord  
  86  6:05  Overlord  
  86  6:11  Overlord  
  86  6:12  Extractor, Overlord  
  86  6:14  Extractor, Muscular Augments  
  86  6:15  Drone x6  
  86  6:18  Overlord  
  90  6:20  Pneumatized Carapace  
  90  6:22  Drone x2  
  91  6:25  Drone  
  91  6:26  Drone  
  91  6:31  Drone  
  92  6:34  Overlord  
  92  6:39  Drone x2  
  94  6:40  Baneling Nest  
  94  6:42  Drone x4  
  94  6:43  Drone x2  
  94  6:45  Hydralisk x2  
  103  6:47  Hydralisk  
  103  6:51  Hydralisk x2  
  103  6:54  Hydralisk  
  109  6:57  Hydralisk x2  
  115  7:05  Extractor  
  115  7:06  Hydralisk x4  
  121  7:08  Hydralisk  
  123  7:18  Hydralisk x4  
  123  7:19  Hydralisk  
  132  7:31  Overlord x4  
  132  7:32  Lurker Den  
  132  7:33  Centrifical Hooks  
  132  7:35  Hydralisk x2  
  136  7:41  Hydralisk x3  
  142  7:46  Overlord x2  
  142  7:47  Overlord  
  142  7:50  Drone x3  
  145  7:52  Extractor  
  145  7:54  Zerg Missile Weapons Level 1  
  145  7:55  Evolution Chamber  
  143  8:00  Hydralisk x3  
  143  8:05  Overseer  
  149  8:16  Hydralisk x2  
  149  8:18  Hydralisk x6  
  165  8:23  Hydralisk x2  
  165  8:25  Zerg Melee Weapons Level 2  
  163  8:36  Hydralisk x5  
  163  8:39  Hydralisk  
  163  8:40  Hydralisk  
  168  8:49  Hydralisk x4  
  168  8:53  Zergling x10  
  168  8:54  Zergling x4  
  181  9:03  Infestation Pit  
  181  9:09  Zergling x26  
  193  9:10  Zergling x2  
  188  9:21  Baneling x13  
  183  9:34  Zergling x16  
  183  9:37  Baneling x8  
  191  9:40  Baneling x8  
  172  10:01  Zergling x14  
  172  10:02  Zergling x2  
  172  10:05  Zergling x2  
  172  10:06  Zergling x12  
  175  10:13  Zergling x10  
  175  10:14  Zergling x2  
  175  10:18  Hydralisk  
  175  10:20  Hive  
  161  10:24  Spire  
  161  10:26  Hydralisk x3  
  163  10:30  Hydralisk  
  163  10:33  Lurker x8  
  168  10:36  Overlord x2  
  168  10:37  Zergling x6  
  168  10:38  Zergling x2  
  168  10:42  Zergling x2, Overseer  
  173  10:45  Zergling x6  
  173  10:48  Baneling x5  
  176  10:53  Hydralisk  
  176  10:54  Hydralisk x2  
  176  10:56  Hydralisk  
  184  11:00  Hydralisk  
  184  11:03  Hatchery  
  185  11:05  Hydralisk x2  
  180  11:11  Hydralisk  
  180  11:12  Hydralisk x2  
  180  11:13  Hydralisk  
  180  11:16  Hydralisk  
  180  11:18  Zergling x6  
  187  11:19  Zergling x2  
  188  11:27  Overlord  
  188  11:31  Baneling x14  
  188  11:34  Zergling x6  
  191  11:43  Baneling  
  191  11:44  Baneling x6  
  191  11:46  Baneling x5  
  189  11:48  Zergling x14  
  189  11:51  Baneling x4  
  189  11:52  Baneling  
  189  11:53  Zergling x4  
Tags
 
Add a new tag
Caveats
  • Supply blocks, unpowered buildings, or Contaminate may cause inaccurate times.
  • Supply counts are checked every 10 seconds.